cohdb
Replays
Latest Replays
All Replays
Popular Replays
Top Player Replays
Match Explorer
How It Works
Community
CoH3 Stats
Reddit
Sign in to upload your games and track your stats! →
Sign in with Steam
Match 40994338
Unlisted
Match 40994338
Overview
Messages
Build Orders
End
Construct Infanterie Kompanie
Selects Terror Battlegroup
Selects Machine Gun Camouflage
Grenadier Squad
MG 42 Machine Gun Team
MG 42 Machine Gun Team
Construct Panzergrenadier Kompanie
Construct Luftwaffe Kompanie
Jäger Squad
Medical Bunker
Jäger Squad
Jäger Squad
Luftwaffe Officer Quarters
Support Elements
Nebelwerfer 42 Rocket Launcher Team
Selects No Quarter
Medical Bunker
Nebelwerfer 42 Rocket Launcher Team
StuG III G Assault Gun
StuG III G Assault Gun
Kettenkrad Recon Vehicle
StuG III G Assault Gun
Jäger Squad
Pioneer Squad
Pioneer Squad
Panzergrenadier Officer Quarters
Selects King Tiger Heavy Tank
King Tiger Heavy Tank
Selects Interrogate
Pioneer Squad
Pioneer Squad
Nuclear Viking
zugru90
Woolridge
Lancet
Dolo
CannonFodder
saynya
0
0
Comments
sign in to comment!
No comments posted yet!